 Dungeon Crawl Stone Soup version 0.29-a0-598-gd8304a5bf4 (webtiles) character file.

Game seed: 5429589140401244317

3339 DocClef the Fighter (level 9, -2/84 HPs)
             Began as a Black Draconian Fighter on June 16, 2022.
             Was a Priest of Okawaru.
             Slain by an orc warrior
             ... wielding a +0 battleaxe
              (7 damage)
             ... on level 9 of the Dungeon.
             The game lasted 00:13:09 (8729 turns).

DocClef the Fighter (Black Draconian Fighter)       Turns: 8729, Time: 00:13:10

Health: -2/84      AC: 11    Str: 22    XL:     9   Next: 72%
Magic:  10/12      EV: 17    Int:  9    God:    Okawaru [***...]
Gold:   238        SH:  8    Dex: 20    Spells: 8/8 levels left

rFire   + . .      SeeInvis .   K - +2 hand axe "Orb Guardian's Curse" {flame, rN+}
rCold   . . .      Faith    .   b - +1 buckler
rNeg    + . .      Spirit   .   (body armour unavailable)
rPois   +          Reflect  .   (helmet restricted)
rElec   +          Harm     .   v - +2 cloak "Vigom" {Dex+9}
rCorr   +          Rampage  .   u - +0 pair of gloves
Will    .....                   (no boots)
Stlth   +++.......              n - amulet of regeneration
HPRegen 1.04/turn               e - ring of poison resistance
MPRegen 0.13/turn               k - ring of resist corrosion

@: heroic, unable to read
A: breathe lightning, AC +7, unfitting armour, electricity resistance,
cold-blooded, claws 1, fire resistance 1, inability to read while threatened
a: Breathe Lightning, Renounce Religion, Heroism


You were on level 9 of the Dungeon.
You worshipped Okawaru.
Okawaru was most pleased with you.
You visited 2 branches of the dungeon, and saw 10 of its levels.
You also visited: Sewer.

You collected 409 gold pieces.
You spent 171 gold pieces at shops.

Inventory:

Hand Weapons
 a - a +0 war axe of electrocution
 D - a +2 trident of protection
 K - the +2 hand axe "Orb Guardian's Curse" (weapon) {flame, rN+}
   (You found it on level 7 of the Dungeon)

   It burns those it strikes, dealing additional fire damage.
   Big, fiery blades are also staple armaments of hydra-hunters.
   rN:        It protects you from negative energy.
Missiles
 t - a throwing net (quivered)
Armour
 b - a +1 buckler (worn)
 u - a +0 pair of gloves (worn)
 v - the +2 cloak "Vigom" (worn) {Dex+9}
   (You bought it in a shop on level 2 of the Dungeon)

   Dex:       It affects your dexterity (+9).
Jewellery
 e - a ring of poison resistance (left hand)
 k - a ring of resist corrosion (right hand)
 n - an amulet of regeneration (around neck)
 E - a +6 ring of intelligence
Wands
 r - a wand of iceblast (3)
 z - a wand of digging (2)
 B - a wand of paralysis (11)
Scrolls
 l - a scroll of fog
 p - 3 scrolls of teleportation
 s - 6 scrolls of identify
 w - a scroll of enchant weapon
 y - 2 scrolls of blinking
 A - a scroll of magic mapping
 J - a scroll of enchant armour
Potions
 c - 7 potions of might
 d - a potion of invisibility
 f - 2 potions of magic
 g - a potion of heal wounds
 h - 2 potions of lignification
 i - 2 potions of haste
 j - 3 potions of curing
 m - a potion of degeneration {unknown}
 o - 2 potions of brilliance
 q - 2 potions of mutation
 x - a potion of ambrosia
 C - 3 potions of attraction {unknown}
 F - a potion of flight
 G - a potion of cancellation {unknown}
 I - a potion of berserk rage


   Skills:
 - Level 9.5(14.5) Fighting
 + Level 9.1(14.6) Axes
 - Level 4.6(12.5) Polearms
 - Level 2.6(7.6) Dodging
 - Level 3.0(8.0) Shields
 - Level 5.0 Invocations


You had 8 spell levels left.
You didn't know any spells.
Your spell library contained the following spells:

 Spells                   Type           Power      Damage    Failure   Level
 Apportation              Tloc           0%         N/A       45%         1
 Necrotize                Necr           0%         1d4       45%         1
 Gell's Gravitas          Tloc           0%         N/A       83%         3
 Lesser Beckoning         Tloc           0%         N/A       83%         3
 Teleport Other           Tloc           0%         N/A       83%         3
 Summon Small Mammal      Summ           Unusable   N/A       N/A         1

Dungeon Overview and Level Annotations

Branches:
Dungeon (9/15)             Temple (1/1) D:4           Sewer (visited)
   Lair: D:8-11         Orc: D:9-12

Altars:
Ashenzari
Cheibriados
Dithmenos
Elyvilon
Gozag
Hepliaklqana
Kikubaaqudgha
Makhleb
Nemelex Xobeh
Okawaru
Qazlal
Ru
Sif Muna
Trog
Uskayaw
Vehumet
Wu Jian
Xom
Yredelemnul
Zin
The Shining One
Beogh

Shops:
D:2 [   D:6 [

Annotations:
D:5 3 runed translucent doors, hgbash's ghost, novice GrIE


Innate Abilities, Weirdness & Mutations

You can breathe wild blasts of lightning.
Your glossy black scales are hard. (AC +7)
You cannot fit into any form of body armour.
You are resistant to electric shocks. (rElec)
You are cold-blooded and may be slowed by cold attacks.
You have sharp fingernails.
Your flesh is heat resistant. (rF+)
You sometimes lose the ability to read scrolls when taking damage.


Message History

The orc warrior hits you with a +0 battleaxe!
You hit the orc warrior. You burn the orc warrior.
The orc warrior is moderately wounded.
The orc warrior hits you with a +0 battleaxe!
You closely miss the orc warrior.
The orc warrior is moderately wounded.
The orc warrior hits you with a +0 battleaxe!
You are too injured to fight recklessly!
You are too injured to fight recklessly!
You are too injured to fight recklessly!
You are too injured to fight recklessly!
You are too injured to fight recklessly!
You are too injured to fight recklessly!
You are too injured to fight recklessly!
You are too injured to fight recklessly!
You are too injured to fight recklessly!
You are too injured to fight recklessly!
You are too injured to fight recklessly!
You are too injured to fight recklessly!
You are too injured to fight recklessly!
You are too injured to fight recklessly!
You are too injured to fight recklessly!
You are too injured to fight recklessly!
You are too injured to fight recklessly!
You are too injured to fight recklessly!
You gain the combat prowess of a mighty hero.
The orc warrior hits you with a +0 battleaxe!!
* * * LOW HITPOINT WARNING * * *
You hit the orc warrior but do no damage.
You tail-slap the orc warrior.
The orc warrior is moderately wounded.
The orc warrior hits you with a +0 battleaxe!
* * * LOW HITPOINT WARNING * * *
You slash the orc warrior! You burn the orc warrior.
You tail-slap the orc warrior, but do no damage.
The orc warrior is almost dead.
You closely miss the orc warrior.
The orc warrior is almost dead.
The orc warrior hits you with a +0 battleaxe!
You die...

#... #...
######### #...
#.......# #..<
#$.$....# ### ####
#.......##..
#.)..$..#..
#..)[o..#.#
#@###.#### ####
#.##..)..######...
#....###))...##...
####...#.###.##)..
..#.#.# #..#...
##.#...# ##.....
####.## ###... #.#
#### #'#


You could see an orc warrior.

Vanquished Creatures
  4 yaks (D:8)
  3 ice beasts
  7 orc warriors
  2 centaurs
  4 kobold brigands
  A bullfrog (D:8)
  A gnoll sergeant (D:7)
  2 scorpions
  3 wights (D:8)
  2 necrophages (D:6)
  A howler monkey (D:6)
  A jelly (D:6)
  3 orc priests
  2 hounds
  Crazy Yiuf (D:7)
  A gnoll shaman (Temple)
  2 iguanas
  2 orc wizards (D:8)
  A mummy (D:6)
  19 gnolls
  6 adders
  6 river rats (Sewer)
  2 shadow imps
  3 ufetubi
  2 dart slugs
  23 orcs
  15 ball pythons
  8 endoplasms
  4 giant cockroaches (D:3)
  5 goblins
  A hobgoblin (D:1)
  14 jackals
  3 quokkas
  5 bats
  9 frilled lizards
  A hobgoblin zombie (D:6)
  19 kobolds
  2 kobold zombies (D:6)
  An orc zombie (D:6)
  5 rats
196 creatures vanquished.

Vanquished Creatures (others)
  An orc wizard (D:8)
  22 plants
23 creatures vanquished.

Grand Total: 219 creatures vanquished

Notes
Turn   | Place    | Note
-------+----------+-------------------------------------------
     0 | D:1      | DocClef the Draconian Fighter began the quest for the Orb.
     0 | D:1      | Reached XP level 1. HP: 19/19 MP: 1/1
    97 | D:1      | Found a faded altar of an unknown god.
   329 | D:1      | Reached XP level 2. HP: 24/27 MP: 2/2
  1504 | D:2      | Reached XP level 3. HP: 31/34 MP: 3/3
  1687 | D:2      | Found Utuplo's Antique Armour Boutique.
  1784 | D:2      | Found a shimmering altar of Xom.
  2099 | D:3      | Reached skill level 5 in Fighting
  2227 | D:3      | Reached XP level 4. HP: 38/42 MP: 4/4
  2622 | D:3      | Found a glowing drain.
  2633 | Sewer    | Entered a sewer
  2798 | Sewer    | Reached XP level 5. HP: 51/51 MP: 5/5
  2878 | Sewer    | Reached XP level 6. HP: 28/60 MP: 6/6
  3804 | D:4      | Found a staircase to the Ecumenical Temple.
  3834 | Temple   | Entered the Ecumenical Temple
  4066 | Temple   | Became a worshipper of Warmaster Okawaru
  4509 | D:2      | Bought a translucent cloak for 171 gold pieces
  4509 | D:2      | Identified the +2 cloak "Vigom" {Dex+9} (You bought it in a
                  | shop on level 2 of the Dungeon)
  4819 | D:5      | Entered Level 5 of the Dungeon
  5053 | D:5      | Noticed an ice beast
  5062 | D:5      | Killed an ice beast
  5063 | D:5      | Your scales start taking on a glossy black colour.
  5063 | D:5      | Reached XP level 7. HP: 70/70 MP: 7/7
  5063 | D:5      | Gained mutation: You are resistant to electric shocks.
                  | (rElec) [Black Draconian growth]
  5380 | D:5      | Found a runed translucent gate.
  5380 | D:5      | Identified the +3 plate armour of Watchfulness {rElec rF-
                  | Regen+ Str+2}
  5380 | D:5      | Noticed hgbash's ghost (novice GrIE)
  5381 | D:5      | Found a runed translucent gate.
  5382 | D:5      | Found a runed translucent gate.
  5436 | D:5      | Identified the +3 quarterstaff of Exoneration {drain, Str-5
                  | Int+5}
  5485 | D:5      | Reached * piety under Okawaru
  5744 | D:6      | Reached skill level 1 in Polearms
  6090 | D:6      | Reached XP level 8. HP: 72/78 MP: 8/8
  6397 | D:6      | Found Cumiojot's Antique Armour Boutique.
  6577 | D:7      | Identified the +2 hand axe "Orb Guardian's Curse" {flame,
                  | rN+}
  6631 | D:7      | Reached skill level 1 in Invocations
  6659 | D:7      | Gained mutation: You sometimes lose the ability to read
                  | scrolls when taking damage. [potion of mutation]
  6659 | D:7      | Gained mutation: You have very sharp teeth. [potion of
                  | mutation]
  6659 | D:7      | Gained mutation: You are strong-willed. (Will+) [potion of
                  | mutation]
  6983 | D:7      | Reached ** piety under Okawaru
  6984 | D:7      | Reached skill level 5 in Invocations
  7346 | D:7      | Found a runed translucent door.
  7347 | D:7      | Noticed Crazy Yiuf
  7448 | D:7      | Killed Crazy Yiuf
  7752 | D:8      | Reached skill level 5 in Axes
  7752 | D:8      | Reached XP level 9. HP: 65/84 MP: 9/12
  7908 | D:8      | Reached *** piety under Okawaru
  8700 | D:9      | Lost mutation: You have very sharp teeth. [potion of
                  | mutation]
  8700 | D:9      | Lost mutation: You are strong-willed. (Will+) [potion of
                  | mutation]
  8700 | D:9      | Gained mutation: Your flesh is heat resistant. (rF+)
                  | [potion of mutation]
  8700 | D:9      | Gained mutation: You have sharp fingernails. [potion of
                  | mutation]
  8727 | D:9      | HP: 4/84 [orc warrior/+0 battleaxe (8)]
  8729 | D:9      | Slain by an orc warrior

Illustrated notes

Levels and vault maps discovered:
D:1:      beargit_arrival_greenhouse, layout_basic,
          ebering_ecumenical_altar_hall, serial_bayou_lagoon_a,
          dreamdust_princess_bridge, st_stairs_9
D:2:      layout_loops_corners, serial_shops, nicolae_square_shop, basic_altar
D:3:      layout_loops_ring, gup_sewer_entry_bubbles, kennysheep_minor_cross,
          minmay_misc_feat_square
D:4:      layout_loops_ring, minmay_temple_entry_overgrown
D:5:      layout_loops_corners, biasface_ghost_orc_armoury, minivault_14
D:6:      layout_gridville, serial_shops, kennysheep_little_box,
          minmay_stone_trees_small, minmay_mini_ossuary
D:7:      layout_basic, kennysheep_generic_room_4, uniq_crazy_yiuf_cottage
D:8:      layout_loops_ring
D:9:      layout_roguey, fedhas_altar_2, special_room [special_room_orc],
          kennysheep_just_a_vault
Temple:   mainiacjoe_temple_starburst

Skill      XL: |  1  2  3  4  5  6  7  8  9 |
---------------+----------------------------+-----
Fighting       | 4 5 6 7 9 |  9.5
Polearms       | 4 |  4.6
Invocations    | 5 |  5.0
Axes           | 5 9 |  9.1
Dodging        | |  2.6
Shields        | |  3.0

Action                   |  1- 3 |  4- 6 |  7- 9 || total
-------------------------+-------+-------+-------++-------
Melee: War axe           |    92 |   263 |    25 ||   380
       Tailslap          |     8 |    28 |    50 ||    86
       Trident           |       |       |    73 ||    73
       Hand axe          |       |       |   276 ||   276
       Bite              |       |       |    31 ||    31
Invok: Heroism           |       |       |     4 ||     4
 Abil: Breathe Lightning |       |       |     1 ||     1
  Use: Scroll            |     5 |     2 |    14 ||    21
       Potion            |       |       |     5 ||     5
 Stab: Sleeping          |       |       |     3 ||     3
Armor: Skin              |    26 |    86 |    95 ||   207
Dodge: Dodged            |    44 |   177 |   177 ||   398
Block: Buckler           |    24 |    84 |   108 ||   216

Table legend: (Time is in decaauts)
 A = Elapsed time spent in this place.
 B = Non-inter-level travel time spent in this place.
 C = Inter-level travel time spent in this place.
 D = Time resting spent in this place.
 E = Time spent auto-exploring this place.
 F = Levels seen in this place.
 G = Mean time per level.
                   A        B        C        D        E       F      G
               +--------+--------+--------+--------+--------+-----+--------+
         Total |   9132 |   8714 |    418 |    167 |   6706 |  11 |  830.2 |
       Dungeon |   7789 |   7424 |    365 |    136 |   5911 |   9 |  865.4 |
        Temple |    335 |    282 |     53 |     31 |    169 |   1 |  335.0 |
         Sewer |   1008 |   1008 |      0 |      0 |    625 |   1 | 1008.0 |
               +--------+--------+--------+--------+--------+-----+--------+

Top non-repeatable levels by time:
     D:1: 1309 daAuts
   Sewer: 1008 daAuts
     D:7: 964 daAuts
     D:8: 951 daAuts
     D:3: 930 daAuts
     D:5: 923 daAuts
     D:2: 885 daAuts
     D:6: 829 daAuts
     D:4: 731 daAuts
  Temple: 335 daAuts
     D:9: 263 daAuts
